Cogmind - Beta 14 *** ADVENTURER MODE // 2024.10.17 @ 09:39:49 Player: LegoMDS Result: Destroyed by Y-64 Sentinel with Wave Gun Performance ------------- Evolutions (4) 2000 Regions Visited (15) 3000 Robots Destroyed (120) 600 Value Destroyed (4312) 4312 Prototype IDs (55) 1100 Alien Tech Used (0) 0 Bonus (930) 930 TOTAL SCORE: 11942 Bonus ------- High Alert Combat Kills 25 Follower Combat Kills 315 Aligned with FarCom 300 Met Data Miner 300 Friendly Fire -10 Cogmind --------- Core Integrity 0/850 Matter 300/300 Energy 68/100 System Corruption 1% Temperature Cool (9) Movement Core (50) Location -6/Archives Parts ------- > --- POWER (2) -------- (None) > --- PROPULSION (4) --- (None) > --- UTILITY (6) ------ Improved Cryofiber Web Advanced Targeting Computer Improved Hacking Suite > --- WEAPON (3) ------- (None) > --- INVENTORY (5) ---- Cloak of Protection Hacking Suite System Shield KE Penetrator Peak State ------------ > --- POWER ------------ Light Angular Momentum Engine Cold Fusion Reactor > --- PROPULSION ------- Improved Cesium-ion Thruster Improved Cesium-ion Thruster Improved Cesium-ion Thruster Cooled VTOL Module > --- UTILITY ---------- Improved Cryofiber Web Cooling System Advanced Weight Redist. System Improved Signal Interpreter Advanced Targeting Computer Improved Hacking Suite > --- WEAPON ----------- Improved Spread Laser Plasma Rifle Flak Gun > --- INVENTORY -------- Improved Cesium-ion Thruster Improved Cryofiber Web Cloak of Protection System Shield Power Sword [Rating: 68] Favorites ----------- Power Micro Nuclear Core Engine Light Angular Momentum Engine Power Core Micro Nuclear Core Reactor Cold Fusion Reactor Propulsion VTOL Module Treads Improved Treads Leg Aluminum Leg Hover Unit Improved Hover Unit Flight Unit VTOL Module Utility Advanced Weight Redist. System Device Advanced Weight Redist. System Storage Small Storage Unit Processor Improved Signal Interpreter Hackware Improved Hacking Suite Protection Improved Utility Shielding Weapon High-powered Shotgun Energy Gun Improved Spread Laser Ballistic Gun High-powered Shotgun Ballistic Cannon Improved Light Cannon Slashing Weapon Katana Build | -11 -10 -9 -9 -9 -8 -8 -7 -7 -7 -7 -6 -6 -6 -6 -6 ------- Run | Yrd Mat Mat Min Exi Min Mat Fac Low Low Dat Pro Fac Ext Cet Arc Slots Evolved 8 | . . 2 . . . 2 2 . . . . 2 . . . Power 1 | . . . . . . . . . . . . 1 . . . Propulsion 2 | . . 1 . . . 1 . . . . . . . . . Utility 4 | . . 1 . . . . 2 . . . . 1 . . . Weapon 1 | . . . . . . 1 . . . . . . . . . Parts Attached 114 | 6 4 14 4 . 2 26 12 . . . 2 20 22 2 . Power 19 | 1 . 2 3 . . 2 . . . . . 2 8 1 . Engine 12 | 1 . 2 2 . . . . . . . . 1 6 . . Core 5 | . . . 1 . . 2 . . . . . . 2 . . Reactor 2 | . . . . . . . . . . . . 1 . 1 . Propulsion 32 | 2 2 3 . . 2 11 1 . . . 2 8 1 . . Treads 3 | . . . . . . 2 . . . . 1 . . . . Leg 2 | 2 . . . . . . . . . . . . . . . Wheel . | . . . . . . . . . . . . . . . . Hover 2 | . . . . . . 1 . . . . . 1 . . . Flight 25 | . 2 3 . . 2 8 1 . . . 1 7 1 . . Utility 26 | 1 2 3 1 . . 6 6 . . . . 4 3 . . Device 13 | . 1 3 . . . 3 . . . . . 3 3 . . Storage 1 | 1 . . . . . . . . . . . . . . . Processor 6 | . 1 . 1 . . 1 3 . . . . . . . . Hackware 2 | . . . . . . . 1 . . . . 1 . . . Protection 4 | . . . . . . 2 2 . . . . . . . . Artifact . | . . . . . . . . . . . . . . . . Weapon 37 | 2 . 6 . . . 7 5 . . . . 6 10 1 . Energy Gun 15 | . . . . . . 3 3 . . . . 4 5 . . Energy Cannon . | . . . . . . . . . . . . . . . . Ballistic Gun 15 | 2 . 6 . . . 2 2 . . . . 1 2 . . Ballistic Cannon 1 | . . . . . . 1 . . . . . . . . . Launcher . | . . . . . . . . . . . . . . . . Special Weapon . | . . . . . . . . . . . . . . . . Impact Weapon . | . . . . . . . . . . . . . . . . Slashing Weapon 6 | . . . . . . 1 . . . . . 1 3 1 . Piercing Weapon . | . . . . . . . . . . . . . . . . Special Melee Weapon . | . . . . . . . . . . . . . . . . Unidentified Prototypes 10 | . . 2 . . . 3 2 . . . . 3 . . . Parts Lost 38 | . . 2 . . . 8 . 1 . . 1 2 11 8 5 Power 7 | . . . . . . . . 1 . . . . 3 3 . Propulsion 13 | . . 2 . . . 4 . . . . 1 1 1 3 1 Utility 7 | . . . . . . 1 . . . . . 1 2 . 3 Weapon 11 | . . . . . . 3 . . . . . . 5 2 1 Highest Loss Streak 5 | . . 2 . . . 3 . 1 . . 1 1 4 5 5 To Critical Strikes 1 | . . . . . . . . . . . . . . 1 . Average Slot Usage (%) 89 | . 87 95 100 100 100 79 99 94 92 92 90 95 97 75 44 Engine 3 | . 14 11 4 . . . . . . . . 5 8 3 . Core 4 | . . . 6 11 11 8 7 1 . . . . 2 . . Leg 1 | . 23 . . . . . . . . . . . . . . Flight 24 | . 3 30 33 33 33 21 30 30 30 30 28 23 26 16 3 Device 14 | . 2 21 22 22 22 11 7 7 7 7 7 18 19 20 18 Processor 11 | . 3 11 11 11 11 9 15 15 15 15 15 13 13 13 9 Hackware 2 | . . . . . . . 5 7 7 7 7 6 6 6 6 Protection 3 | . . . . . . 6 9 7 7 7 7 1 . . . Energy Gun 6 | . . . . . . 3 8 15 15 15 15 12 12 8 5 Ballistic Gun 11 | . 28 21 22 22 22 12 12 7 7 7 7 5 4 . . Slashing Weapon 1 | . . . . . . 4 . . . . . . . 5 . Peak Build Rating 68 | 6 10 22 21 22 22 31 48 48 44 44 47 68 68 68 33 Average Rating 36 | 4 6 18 20 21 22 23 42 44 44 44 43 59 64 48 27 On Entrance 32 | . 6 10 20 21 22 22 31 48 44 44 44 41 68 66 33 Naked Turns . | . . . . . . . . . . . . . . . . Heaviest Build 37 | 14 14 16 16 13 13 18 21 21 15 15 15 37 36 30 5 Greatest Support 34 | 20 20 18 18 18 18 32 28 28 15 15 28 32 34 32 12 Greatest Overweight (x) 1 | . . 1 . . . 1 . . . . 1 1 1 1 1 Average Overweight (x) . | . . . . . . . . . . . . . . . . Largest Inventory Capacity 8 | 8 8 5 5 5 5 5 5 5 5 5 5 5 5 5 5 Average Capacity 5 | 7 7 5 5 5 5 5 5 5 5 5 5 5 5 5 5 Most Carried 7 | 5 7 5 5 5 5 5 5 5 5 5 5 5 5 5 4 Average Carried 4 | 2 4 4 4 4 5 4 4 5 5 5 5 4 4 3 3 Final Capacity 8 | 8 5 5 5 5 5 5 5 5 5 5 5 5 5 5 5 Final Carried 5 | 2 5 5 5 5 5 5 5 5 5 5 5 5 5 3 4 Class Distribution -------------------- 26% | Mutant 22% | Hacker-Skirmisher 21% | Sprinter 17% | Hacker-Sprinter 8% | Scavenger-Sprinter Dominant Class ---------------- Mutant | -10/Materials Sprinter | -9/Materials Sprinter | -9/Mines Sprinter | -9/Exiles Sprinter | -8/Mines Mutant | -8/Materials Hacker-Sprinter | -7/Factory Hacker-Sprinter | -7/Lower Caves Hacker-Sprinter | -7/Lower Caves Hacker-Sprinter | -7/Data Miner Hacker-Sprinter | -6/Proximity Caves Hacker-Skirmisher | -6/Factory Hacker-Skirmisher | -6/Extension Hacker-Sprinter | -6/Cetus Hacker-Mutant | -6/Archives Resources | -11 -10 -9 -9 -9 -8 -8 -7 -7 -7 -7 -6 -6 -6 -6 -6 ----------- Run | Yrd Mat Mat Min Exi Min Mat Fac Low Low Dat Pro Fac Ext Cet Arc Matter Collected 2607 | 260 78 407 58 . 44 667 93 193 50 . 49 290 418 . . Remotely . | . . . . . . . . . . . . . . . . Salvage Created 4092 | . 219 406 . . 31 1245 191 188 169 . 89 519 956 . 79 Parts 208 | . 11 28 . . 4 74 10 11 6 . 2 30 29 . 3 Haulers Intercepted 5 | . 1 1 . . . 3 . . . . . . . . . Recyclers Shooed . | . . . . . . . . . . . . . . . . Parts Field Recycled . | . . . . . . . . . . . . . . . . Retrieved Matter . | . . . . . . . . . . . . . . . . Parts Self-Destructed 19 | . . . . . . . . 11 6 . 2 . . . . Prevented . | . . . . . . . . . . . . . . . . Kills | -11 -10 -9 -9 -9 -8 -8 -7 -7 -7 -7 -6 -6 -6 -6 -6 ------- Run | Yrd Mat Mat Min Exi Min Mat Fac Low Low Dat Pro Fac Ext Cet Arc Combat Hostiles Destroyed 96 | . 4 15 . . 3 29 4 4 4 . 2 13 17 . 1 Melee 8 | . . . . . . 8 . . . . . . . . . Guns 87 | . 4 15 . . 3 20 4 4 4 . 2 13 17 . 1 Cannons 1 | . . . . . . 1 . . . . . . . . . Classes Destroyed 14 | . 2 4 . . . 4 1 . . . . 2 1 . . Worker 2 | . . . . . . 1 . . . . . 1 . . . Tunneler 1 | . . . . . . . . . . . . 1 . . . Hauler 5 | . 1 1 . . . 3 . . . . . . . . . Recycler 1 | . . . . . . 1 . . . . . . . . . Operator 3 | . . . . . . . 1 . . . . . 2 . . Watcher 12 | . . 3 . . . 5 1 . . . . 2 1 . . Swarmer 24 | . . 9 . . 3 8 . . . . . 4 . . . Grunt 46 | . 4 3 . . . 12 2 2 3 . 2 7 11 . . Brawler 2 | . . . . . . 1 . . . . . . 1 . . Duelist 3 | . . 1 . . . 1 . 1 . . . . . . . Sentry 12 | . . 2 . . . 5 . 1 1 . . . 2 . 1 Hunter 5 | . . . . . . 2 2 . . . . . 1 . . Programmer 2 | . . . . . . . . . . . . 2 . . . Behemoth 2 | . . . . . . . . . . . . . 2 . . Best Kill Streak 7 | . 2 7 . . 3 6 2 3 3 . 2 7 5 . 1 Combat Bots Only 6 | . 2 3 . . 3 6 2 3 3 . 2 4 5 . 1 Max Kills in Single Turn 2 | . 1 2 . . 2 2 1 1 1 . 1 2 1 . 1 Gunslinging 1 | . . 1 . . 1 . . . . . . . . . . Exploded . | . . . . . . . . . . . . . . . . Melee 1 | . . . . . . 1 . . . . . . . . . Uniques/NPCs Destroyed . | . . . . . . . . . . . . . . . . Combat | -11 -10 -9 -9 -9 -8 -8 -7 -7 -7 -7 -6 -6 -6 -6 -6 -------- Run | Yrd Mat Mat Min Exi Min Mat Fac Low Low Dat Pro Fac Ext Cet Arc Hostile Shots Fired 559 | . 12 51 . . 6 123 24 32 23 . 18 45 117 61 47 Missed 212 | . 5 14 . . 1 48 11 19 13 . 8 18 34 20 21 Damage Taken 4870 | . 63 424 . . 29 802 192 107 127 . 137 364 1280 882 463 Core 1227 | . 34 66 . . . 203 25 14 22 . . 40 196 303 324 Absorbed by Shields . | . . . . . . . . . . . . . . . . Redirected to Shielding 4 | . . . . . . 4 . . . . . . . . . Ignored by Resistances 1386 | . 21 127 . . 10 236 56 34 37 . 39 102 361 237 126 Regen/Repaired (Parts) 274 | . . 14 . . . 43 . . . . . 127 90 . . Core Remaining (%) 84 | 100 86 . . . 83 63 . . . . 91 . . . . Volleys Fired 295 | . 17 38 1 . 3 92 18 9 10 . 12 28 56 3 8 Largest 3 | . 2 2 2 . 2 3 3 3 3 . 1 3 3 2 1 Hottest 207 | . 40 50 50 . 50 101 172 172 172 . 28 178 207 132 63 Shots Fired 563 | . 34 63 2 . 6 133 53 19 17 . 12 71 139 6 8 Gun 559 | . 34 63 2 . 6 129 53 19 17 . 12 71 139 6 8 Cannon 4 | . . . . . . 4 . . . . . . . . . Launcher . | . . . . . . . . . . . . . . . . Special . | . . . . . . . . . . . . . . . . Kinetic 349 | . 34 63 2 . 6 119 31 9 10 . 12 28 35 . . Thermal 214 | . . . . . . 14 22 10 7 . . 43 104 6 8 Explosive . | . . . . . . . . . . . . . . . . Electromagnetic . | . . . . . . . . . . . . . . . . Robot Hit Streak 45 | . 7 8 1 . 5 26 12 19 23 . 22 25 45 24 28 Robot Miss Streak 5 | . 3 4 2 . 2 4 4 2 2 . 3 5 2 . 1 Penetration Max . | . . . . . . . . . . . . . . . . Secondary Targets 13 | . 1 2 . . 1 1 1 . . . . 5 2 . . Max Gunslinging Chain 1 | . 1 1 . . 1 1 1 . . . . 1 1 . . Shots Hit Robots 493 | . 23 45 2 . 4 135 41 19 17 . 12 58 123 8 6 Core Hits 399 | . 11 24 . . 4 69 18 26 27 . 22 81 110 3 4 Critical Kills 3 | . . 1 . . . 2 . . . . . . . . . Critical Parts Destroyed . | . . . . . . . . . . . . . . . . Critical Strikes 15 | . . 1 . . . 5 2 . . . . 2 4 . 1 Burn 11 | . . . . . . 2 2 . . . . 2 4 . 1 Destroy 3 | . . 1 . . . 2 . . . . . . . . . Sever 1 | . . . . . . 1 . . . . . . . . . Melee Attacks 22 | . . . . . . 18 . . . . . 1 1 2 . Impact . | . . . . . . . . . . . . . . . . Slashing 22 | . . . . . . 18 . . . . . 1 1 2 . Piercing . | . . . . . . . . . . . . . . . . Sneak Attacks 1 | . . . . . . 1 . . . . . . . . . Combat Hostiles 1 | . . . . . . 1 . . . . . . . . . Follow-up Attacks . | . . . . . . . . . . . . . . . . Damage Inflicted 10574 | . 284 786 30 . 62 2851 781 430 476 . 290 1441 2846 197 100 Guns 9601 | . 284 786 30 . 62 2168 685 430 476 . 290 1441 2745 104 100 Cannons 59 | . . . . . . 59 . . . . . . . . . Explosions 197 | . . . . . . . 96 . . . . . 101 . . Melee 717 | . . . . . . 624 . . . . . . . 93 . Ramming . | . . . . . . . . . . . . . . . . Kinetic 5895 | . 284 786 30 . 62 2048 431 208 306 . 290 584 866 . . Thermal 3962 | . . . . . . 179 350 222 170 . . 857 1980 104 100 Explosive . | . . . . . . . . . . . . . . . . Electromagnetic . | . . . . . . . . . . . . . . . . Impact . | . . . . . . . . . . . . . . . . Slashing 717 | . . . . . . 624 . . . . . . . 93 . Piercing . | . . . . . . . . . . . . . . . . Highest Corruption 1 | . . . . . . . . . . . . 1 1 1 1 Average Corruption 1 | . . . . . . . . . . . . 1 1 1 1 Corruption Purged . | . . . . . . . . . . . . . . . . Corruption Blocked . | . . . . . . . . . . . . . . . . Effects 13 | . . . . . . . . . . . . 5 7 1 . Message Errors 3 | . . . . . . . . . . . . 1 2 . . Matter Fused 1 | . . . . . . . . . . . . . 1 . . Heat Flow Errors 1 | . . . . . . . . . . . . . 1 . . Energy Discharges 1 | . . . . . . . . . . . . . . 1 . Data Loss (minor) 5 | . . . . . . . . . . . . 2 3 . . Misfires 1 | . . . . . . . . . . . . 1 . . . Alerts 1 | . . . . . . . . . . . . 1 . . . Overload Shots . | . . . . . . . . . . . . . . . . Overflow Damage 65 | . . . . . . 30 . . . . . . 35 . . Projectiles . | . . . . . . . . . . . . . . . . Explosions 35 | . . . . . . . . . . . . . 35 . . Melee 30 | . . . . . . 30 . . . . . . . . . Knockbacks . | . . . . . . . . . . . . . . . . Impact . | . . . . . . . . . . . . . . . . Kinetic . | . . . . . . . . . . . . . . . . Secondary . | . . . . . . . . . . . . . . . . Self-Inflicted Damage 154 | . . . . . . . 31 . . . . . 123 . . Shots 3 | . . . . . . . 1 . . . . . 2 . . Rammed . | . . . . . . . . . . . . . . . . Targets Rammed . | . . . . . . . . . . . . . . . . Kicked . | . . . . . . . . . . . . . . . . Crushed . | . . . . . . . . . . . . . . . . Highest Temperature 419 | . 8 . . . . 419 261 242 207 . 5 131 201 . . Average Temperature 78 | . 4 . . . . 68 90 86 80 . 3 55 79 . . Received Heat Transfer 1704 | . 45 96 . . . 432 81 42 108 . 57 162 519 81 81 Siege Activations . | . . . . . . . . . . . . . . . . Robots Corrupted . | . . . . . . . . . . . . . . . . Combat Hostiles . | . . . . . . . . . . . . . . . . Parts Fried . | . . . . . . . . . . . . . . . . Impact Corruptions . | . . . . . . . . . . . . . . . . Robots Melted . | . . . . . . . . . . . . . . . . Combat Hostiles . | . . . . . . . . . . . . . . . . Parts Melted 12 | . . . . . . 1 . . . . . 1 10 . . Heat Transferred 7595 | . . . . . . 555 677 334 206 . . 1540 3765 222 296 Parts Sabotaged . | . . . . . . . . . . . . . . . . Parts Stolen . | . . . . . . . . . . . . . . . . Parts Stripped . | . . . . . . . . . . . . . . . . Power Chain Reactions . | . . . . . . . . . . . . . . . . Alert | -11 -10 -9 -9 -9 -8 -8 -7 -7 -7 -7 -6 -6 -6 -6 -6 ------- Run | Yrd Mat Mat Min Exi Min Mat Fac Low Low Dat Pro Fac Ext Cet Arc Peak Influence 572 | . 125 572 311 . 95 260 239 . . . . 250 212 75 55 Initial 188 | . . 45 188 . . 31 35 . . . . 55 15 60 . Average 123 | . 66 332 261 . 92 112 93 . . . . 116 94 19 19 Maximum Alert Level 2 | . . 2 1 . . 1 1 . . . . 1 1 . . Low Security (%) 82 | 100 100 17 38 . 100 84 90 . . . . 89 96 100 100 Level 1 15 | . . 50 61 . . 15 9 . . . . 10 3 . . Level 2 1 | . . 32 . . . . . . . . . . . . . Level 3 . | . . . . . . . . . . . . . . . . Level 4 . | . . . . . . . . . . . . . . . . Level 5 . | . . . . . . . . . . . . . . . . High Security . | . . . . . . . . . . . . . . . . Max Security . | . . . . . . . . . . . . . . . . Squads Dispatched 20 | . . 1 . . . 5 5 . . . . 6 3 . . Investigation 8 | . . 1 . . . 2 2 . . . . 3 . . . Extermination 3 | . . . . . . . . . . . . 3 . . . Reinforcement 6 | . . . . . . 2 1 . . . . . 3 . . Assault . | . . . . . . . . . . . . . . . . Garrison 3 | . . . . . . 1 2 . . . . . . . . Intercept . | . . . . . . . . . . . . . . . . Searches Triggered . | . . . . . . . . . . . . . . . . Data Miner Redirects 1 | . . . . . . . . . . . . 1 . . . Construction Impeded 1 | . . . . . . . . . . . . . 1 . . Haulers Reinforced . | . . . . . . . . . . . . . . . . Active Scanning Responses . | . . . . . . . . . . . . . . . . Cargo Convoy Interrupts . | . . . . . . . . . . . . . . . . Stealth | -11 -10 -9 -9 -9 -8 -8 -7 -7 -7 -7 -6 -6 -6 -6 -6 --------- Run | Yrd Mat Mat Min Exi Min Mat Fac Low Low Dat Pro Fac Ext Cet Arc Distress Signals 8 | . . . . . . 4 1 . . . . . 1 2 . Communications Jammed . | . . . . . . . . . . . . . . . . Distress Signals . | . . . . . . . . . . . . . . . . Times Spotted 152 | . 4 20 6 . 4 38 7 4 7 . 7 15 29 7 4 Peak Tracking Total 10 | . 2 4 3 . 4 6 3 3 4 . 3 3 4 10 3 Tactical Retreats 10 | . . 2 1 . . 1 1 . . . 3 . 2 . . Traps | -11 -10 -9 -9 -9 -8 -8 -7 -7 -7 -7 -6 -6 -6 -6 -6 ------- Run | Yrd Mat Mat Min Exi Min Mat Fac Low Low Dat Pro Fac Ext Cet Arc Traps Triggered 6 | . . . . . . 1 1 . . . . 1 3 . . Indirectly . | . . . . . . . . . . . . . . . . Trap Hack Attempts . | . . . . . . . . . . . . . . . . Triggered . | . . . . . . . . . . . . . . . . Disarmed 7 | . . . . . . 6 . . . . . . 1 . . Reprogrammed 5 | . 1 . . . . 4 . . . . . . . . . Reused 1 | . . . . . . 1 . . . . . . . . . Traps Extracted . | . . . . . . . . . . . . . . . . Installed 3 | . . . 3 . . . . . . . . . . . . Triggered 2 | . . . . . . 1 . . . . . . 1 . . Machines | -11 -10 -9 -9 -9 -8 -8 -7 -7 -7 -7 -6 -6 -6 -6 -6 ---------- Run | Yrd Mat Mat Min Exi Min Mat Fac Low Low Dat Pro Fac Ext Cet Arc Machines Disabled 7 | . 1 . . . . 2 1 . . . . . 3 . . Max in Single Turn 3 | . 1 . . . . 1 1 . . . . . 3 . . Garrison Access 1 | . . . . . . 1 . . . . . . . . . Energy Cycler 2 | . . . . . . . . . . . . . 2 . . Machines Repaired . | . . . . . . . . . . . . . . . . Machines Dismantled . | . . . . . . . . . . . . . . . . Machines Sabotaged . | . . . . . . . . . . . . . . . . Overloaded Fab Kills . | . . . . . . . . . . . . . . . . Hacking | -11 -10 -9 -9 -9 -8 -8 -7 -7 -7 -7 -6 -6 -6 -6 -6 --------- Run | Yrd Mat Mat Min Exi Min Mat Fac Low Low Dat Pro Fac Ext Cet Arc Machines Accessed 44 | . 2 2 1 2 . 9 8 3 . 4 . 7 4 2 . Terminals 22 | . 2 1 . . . 5 5 1 . . . 3 3 2 . Fabricators 3 | . . . . . . . 2 . . . . 1 . . . Repair Stations 4 | . . 1 . . . 1 . . . . . 1 1 . . Recycling Units 3 | . . . . . . 2 1 . . . . . . . . Scanalyzers 1 | . . . . . . . . . . . . 1 . . . Garrison Access 2 | . . . . . . 1 . . . . . 1 . . . Total Hacks 132 | . 5 5 1 2 . 23 27 7 . 31 . 16 9 6 . Successful 90 | . 2 3 1 2 . 18 9 7 . 31 . 8 5 4 . Failed 42 | . 3 2 . . . 5 18 . . . . 8 4 2 . Catastrophic 3 | . . . . . . . 2 . . . . 1 . . . Database Lockouts . | . . . . . . . . . . . . . . . . Manual 11 | . . . . 1 . 2 7 . . . . . 1 . . Terminals 62 | . 5 2 . . . 18 17 1 . . . 6 7 6 . Fabricators 10 | . . . . . . . 8 . . . . 2 . . . Repair Stations 10 | . . 3 . . . 2 . . . . . 3 2 . . Recycling Units 4 | . . . . . . 2 2 . . . . . . . . Scanalyzers 3 | . . . . . . . . . . . . 3 . . . Garrison Access 3 | . . . . . . 1 . . . . . 2 . . . Terminal Hacks 71 | . 2 1 1 2 . 13 5 7 . 31 . 2 3 4 . Record 21 | . . . . 1 . . . 6 . 11 . . . 3 . Part Schematic 14 | . . . . . . . 1 . . 13 . . . . . Robot Schematic 4 | . . . . . . . . . . 4 . . . . . Robot Analysis 1 | . . . . . . . 1 . . . . . . . . Prototype ID Bank 10 | . 1 . . . . 3 2 . . 3 . . 1 . . Open Door 4 | . . . 1 . . . . 1 . . . 1 . 1 . Level Access Points 1 | . . . . . . . 1 . . . . . . . . Branch Access Points 2 | . . 1 . . . 1 . . . . . . . . . Disarm Traps 2 | . . . . . . 1 . . . . . . 1 . . Reprogram Traps 3 | . 1 . . . . 2 . . . . . . . . . Security Status 1 | . . . . . . 1 . . . . . . . . . Hauler Manifests 3 | . . . . . . 2 . . . . . 1 . . . Registered Components 1 | . . . . . . 1 . . . . . . . . . Zone Layout 3 | . . . . . . 2 . . . . . . 1 . . Derelict Proto ID Bank 1 | . . . . 1 . . . . . . . . . . . Fabricator Hacks 6 | . . . . . . . 4 . . . . 2 . . . Network Status 1 | . . . . . . . 1 . . . . . . . . Load Schematic 2 | . . . . . . . 1 . . . . 1 . . . Build 3 | . . . . . . . 2 . . . . 1 . . . Repair Station Hacks 8 | . . 2 . . . 2 . . . . . 2 2 . . Scan Component 4 | . . 1 . . . 1 . . . . . 1 1 . . Repair 4 | . . 1 . . . 1 . . . . . 1 1 . . Recycling Unit Hacks 2 | . . . . . . 2 . . . . . . . . . Report Inventory 2 | . . . . . . 2 . . . . . . . . . Scanalyzer 2 | . . . . . . . . . . . . 2 . . . Insert Component 1 | . . . . . . . . . . . . 1 . . . Analyze 1 | . . . . . . . . . . . . 1 . . . Garrison Access Hacks 1 | . . . . . . 1 . . . . . . . . . Seal Access 1 | . . . . . . 1 . . . . . . . . . Unauthorized Hacks . | . . . . . . . . . . . . . . . . Terminals . | . . . . . . . . . . . . . . . . Fabricators . | . . . . . . . . . . . . . . . . Repair Stations . | . . . . . . . . . . . . . . . . Recycling Units . | . . . . . . . . . . . . . . . . Scanalyzers . | . . . . . . . . . . . . . . . . Garrison Access . | . . . . . . . . . . . . . . . . Data Cores Recovered 1 | . . . . . . . 1 . . . . . . . . Used . | . . . . . . . . . . . . . . . . Hacking Detections 27 | . 2 1 . . . 6 7 . . . . 6 3 2 . Full Trace Events 6 | . . 1 . . . . 2 . . . . 3 . . . Feedback Events . | . . . . . . . . . . . . . . . . Feedback Blocked . | . . . . . . . . . . . . . . . . Robot Schematics Acquired 4 | . . . . . . . . . . 4 . . . . . Robots Built . | . . . . . . . . . . . . . . . . Authchips . | . . . . . . . . . . . . . . . . Time . | . . . . . . . . . . . . . . . . Total Robot Build Rating . | . . . . . . . . . . . . . . . . Part Schematics Acquired 15 | . . . . . . . 1 . . 13 . 1 . . . Parts Built 5 | . . . . . . . 4 . . . . 1 . . . Authchips . | . . . . . . . . . . . . . . . . Time 246 | . . . . . . . 179 . . . . 67 . . . Total Part Build Rating 22 | . . . . . . . 18 . . . . 4 . . . Parts Repaired 4 | . . 1 . . . 1 . . . . . 1 1 . . Time 134 | . . 32 . . . 44 . . . . . 14 44 . . Parts Recycled . | . . . . . . . . . . . . . . . . Recycled Matter . | . . . . . . . . . . . . . . . . Retrieved Matter . | . . . . . . . . . . . . . . . . Retrieved Components . | . . . . . . . . . . . . . . . . Parts Scanalyzed 1 | . . . . . . . . . . . . 1 . . . Part Schematics Acquired 1 | . . . . . . . . . . . . 1 . . . Parts Damaged 1 | . . . . . . . . . . . . 1 . . . Bothacking | -11 -10 -9 -9 -9 -8 -8 -7 -7 -7 -7 -6 -6 -6 -6 -6 ------------ Run | Yrd Mat Mat Min Exi Min Mat Fac Low Low Dat Pro Fac Ext Cet Arc Used RIF Installer . | . . . . . . . . . . . . . . . . Robots Hacked . | . . . . . . . . . . . . . . . . Non-combat . | . . . . . . . . . . . . . . . . Combat . | . . . . . . . . . . . . . . . . Robot Hacks Applied . | . . . . . . . . . . . . . . . . Relay Couplers Released . | . . . . . . . . . . . . . . . . Fabnet Peak Effective % . | . . . . . . . . . . . . . . . . Robots Rewired 7 | . . . . . . . . . . . . . 7 . . Allies Hacked . | . . . . . . . . . . . . . . . . Hacks Repelled . | . . . . . . . . . . . . . . . . Allies | -11 -10 -9 -9 -9 -8 -8 -7 -7 -7 -7 -6 -6 -6 -6 -6 -------- Run | Yrd Mat Mat Min Exi Min Mat Fac Low Low Dat Pro Fac Ext Cet Arc Total Allies 16 | . . . 6 . . . . . . . . . 10 . . Largest Group 7 | . . . 6 6 3 3 . . . . . . 7 1 . Highest-Rated Group 202 | . . . 120 120 40 40 . . . . . . 202 31 . Highest-Rated Ally 39 | . . . 31 31 16 16 . . . . . . 39 31 . Total Orders . | . . . . . . . . . . . . . . . . Ally Attacks 82 | . . . 8 . 9 1 . . . . . . 62 2 . Total Damage 1453 | . . . 108 . 89 12 . . . . . . 1222 22 . Kills 11 | . . . 3 . 1 . . . . . . . 7 . . Allies Corrupted . | . . . . . . . . . . . . . . . . Allies Melted 1 | . . . . . . . . . . . . . 1 . . Intel | -11 -10 -9 -9 -9 -8 -8 -7 -7 -7 -7 -6 -6 -6 -6 -6 ------- Run | Yrd Mat Mat Min Exi Min Mat Fac Low Low Dat Pro Fac Ext Cet Arc Robot Analysis Total 1 | . . . . . . . 1 . . . . . . . . Derelict Logs Recovered 6 | . . . 1 . . . . 2 1 . 2 . . . . Drone Launches . | . . . . . . . . . . . . . . . . Drone Recoveries . | . . . . . . . . . . . . . . . . Exploration | -11 -10 -9 -9 -9 -8 -8 -7 -7 -7 -7 -6 -6 -6 -6 -6 ------------- Run | Yrd Mat Mat Min Exi Min Mat Fac Low Low Dat Pro Fac Ext Cet Arc Turns Passed 6966 | 45 367 346 377 219 94 2258 485 317 145 28 130 1022 945 127 61 Spaces Moved 6755 | 33 260 431 687 266 91 972 591 792 369 95 301 792 823 198 54 Core 51 | 10 2 . . . . . . . . . . . . . 39 Treads 130 | . . . . . . 129 . . . . 1 . . . . Legs 235 | 23 212 . . . . . . . . . . . . . . Wheels . | . . . . . . . . . . . . . . . . Hover 59 | . . . . . . 59 . . . . . . . . . Flight 6280 | . 46 431 687 266 91 784 591 792 369 95 300 792 823 198 15 Fastest Speed 23 | 50 32 29 30 30 30 27 26 26 29 29 26 26 23 26 35 Average Speed 50 | 98 103 37 30 30 30 64 27 28 29 29 34 96 61 45 55 Slowest Speed 160 | 120 120 112 30 30 30 160 29 32 29 29 160 105 91 100 100 Overloaded Moves 134 | . . . . . . . . . . . . 35 99 . . Propulsion Burnouts . | . . . . . . . . . . . . . . . . Robots Hopped 9 | . 1 . 1 . 1 1 . 1 1 . . . 2 1 . Cave-ins Triggered . | . . . . . . . . . . . . . . . . Exploration Rate (%) 56 | 3 47 40 96 70 24 82 15 84 63 75 50 18 83 84 74 Regions Visited 15 Branch Regions 10 Pre-discovered Areas 3 | . . . . 1 . . . . . 1 1 . . . . Known Exits Taken 9 | . . 1 . . . . 1 1 1 1 1 1 1 1 . Unknown Exits Taken 6 | 1 1 . 1 1 1 1 . . . . . . . . . Scrap Searched 13 | . . . 4 . 1 . . 4 2 . 2 . . . . Spaces Dug 1 | . . . . . . . . . . . . 1 . . . Terrain Destroyed 54 | . . . . . . . 26 . . . . 1 27 . . Melee 1 | . . . . . . . . . . . . 1 . . . Projectile . | . . . . . . . . . . . . . . . . AOE 53 | . . . . . . . 26 . . . . . 27 . . Terrain Rammed . | . . . . . . . . . . . . . . . . Walls Destroyed . | . . . . . . . . . . . . . . . . Machines Disabled . | . . . . . . . . . . . . . . . . Actions | -11 -10 -9 -9 -9 -8 -8 -7 -7 -7 -7 -6 -6 -6 -6 -6 --------- Run | Yrd Mat Mat Min Exi Min Mat Fac Low Low Dat Pro Fac Ext Cet Arc Total 9736 | 45 322 550 855 404 150 2449 872 862 390 94 316 989 1136 225 77 Wait 2384 | . 31 52 150 137 54 1324 238 63 13 . . 128 159 21 14 Move 6722 | 32 257 430 684 265 88 969 590 789 366 94 300 791 818 195 54 Hop 9 | . 1 . 1 . 1 1 . 1 1 . . . 2 1 . Pick Up 55 | 7 7 8 5 1 . 5 6 . . . . 10 5 . 1 Fast Attach 52 | 1 2 6 2 . . 17 5 . . . 2 5 12 . . Attach 31 | 5 2 5 . . . 2 3 . . . . 7 5 2 . Detach 3 | . . . . . . . . . . . . 1 2 . . Swap 31 | . . 3 2 . 2 7 4 . . . . 8 5 . . Drop 66 | . 5 8 7 1 2 14 8 . . . 2 10 8 1 . Fire 295 | . 17 38 1 . 3 92 18 9 10 . 12 28 56 3 8 Melee 22 | . . . . . . 18 . . . . . 1 1 2 . Ram . | . . . . . . . . . . . . . . . . Kick . | . . . . . . . . . . . . . . . . Crush . | . . . . . . . . . . . . . . . . Escape Stasis 18 | . . . . . . . . . . . . . 18 . . Rewire 45 | . . . . . . . . . . . . . 45 . . Trap 3 | . . . 3 . . . . . . . . . . . . Miscellaneous . | . . . . . . . . . . . . . . . . Route ------- -11/Scrapyard -10/Materials (discovered 2 exits: *Mat x2) -9/Materials (discovered 2 exits: *Min / *Sto) -9/Mines (discovered 3 exits: *Mat x2 / *Exi) -9/Exiles -8/Mines -8/Materials -7/Factory (discovered 5 exits: Fac x4 / *Low) -7/Lower Caves -7/Lower Caves (discovered 2 exits: *Fac / *Dat) -7/Data Miner -6/Proximity Caves -6/Factory (discovered 4 exits: *Fac x2 / Low / *Ext) -6/Extension (discovered 3 exits: *Fac x2 / *Cet) -6/Cetus (discovered 2 exits: *Fac / *Arc) -6/Archives (discovered 2 exits: *Fac / [*Hub]) History --------- Turn | Location | Event 12 | -11/Scrapyard | Discovered new exit (range 16) 46 | -11/Scrapyard | Entered Materials 226 | -10/Materials | Discovered new exit (range 16) 313 | -10/Materials | Build established: Mutant 372 | -10/Materials | Discovered new exit (range 15) 413 | -10/Materials | Entered another Materials area 413 | -9/Materials | Evolved 2 slots: Propulsion x1, Utility x1 512 | -9/Materials | Discovered new exit (range 16) 543 | -9/Materials | Identified exit to Mines 543 | -9/Materials | Identified exit to Storage 733 | -9/Materials | Repaired Weight Redist. System 759 | -9/Materials | Entered Mines 765 | -9/Mines | Assisted by bots powering up and referring to "LRC-V3" 775 | -9/Mines | Learned Materials terminal intel 777 | -9/Mines | Discovered new exit (range 10) 792 | -9/Mines | Found a hidden stash of uninstalled traps 849 | -9/Mines | Found the Drone Emporium 852 | -9/Mines | Found Prototype Device 878 | -9/Mines | Discovered new exit (range 16) 895 | -9/Mines | Received a Mining Laser from a helpful Derelict 1031 | -9/Mines | Deemed a non-threat by the Exiles lab entrance 1031 | -9/Mines | Discovered new exit (range 5) 1033 | -9/Mines | Build established: Sprinter 1136 | -9/Mines | Entered Exiles 1136 | -9/Exiles | Accompanied by 6 allies 1144 | -9/Exiles | Met 8R-AWN 1149 | -9/Exiles | Met EX-HEX 1158 | -9/Exiles | Met EX-BIN 1166 | -9/Exiles | Led the pair of lost Derelicts to a safe place 1241 | -9/Exiles | Aligned with FarCom system 1242 | -9/Exiles | Given EX-Vault access code 1249 | -9/Exiles | Opened EX-Vault 1251 | -9/Exiles | Found Cloak of Protection 1258 | -9/Exiles | Warned to stay clear of 0b10 Research branches 1266 | -9/Exiles | Met EX-DEC 1268 | -9/Exiles | Learned location of Zion (-6) 1295 | -9/Exiles | Discovered new exit (range 12) 1355 | -9/Exiles | Left Exiles lab with Cloak of Protection 1355 | -9/Exiles | Entered Mines 1355 | -8/Mines | Accompanied by 3 allies 1392 | -8/Mines | Discovered new exit (range 8) 1449 | -8/Mines | Entered Materials 1449 | -8/Materials | Accompanied by 3 allies 1449 | -8/Materials | Evolved 2 slots: Propulsion x1, Weapon x1 1450 | -8/Materials | Loaded intel: 12 terminal locations 1496 | -8/Materials | Identified Sensor Drone Bay 1601 | -8/Materials | Lost 3 allies 1932 | -8/Materials | Build established: Mutant 2061 | -8/Materials | Repaired Mic. Nuclear Core 2068 | -8/Materials | Lost 3 parts (1n1u1w) 3318 | -8/Materials | Build established: Scavenger-Sprinter 3624 | -8/Materials | Garrison activated, responded to threat 3703 | -8/Materials | Discovered new exit (range 13) 3707 | -8/Materials | Entered Factory 3707 | -7/Factory | Evolved 2 slots: Utility x2 3812 | -7/Factory | Fabricated Hvy. Laser (x2) 3843 | -7/Factory | Build established: Sprinter 4048 | -7/Factory | Fabricated Imp. Cryofiber Web (x2) 4057 | -7/Factory | Garrison activated, responded to threat 4149 | -7/Factory | Build established: Hacker-Sprinter 4185 | -7/Factory | Identified exit to Factory 4191 | -7/Factory | Discovered new exit (range 5) 4192 | -7/Factory | Identified exit to Lower Caves 4192 | -7/Factory | Entered Lower Caves 4343 | -7/Lower Caves | Learned Factory terminal intel 4412 | -7/Lower Caves | Attracted the attention of an 0b10 checkpoint 4451 | -7/Lower Caves | Learned location of 1 exit from Factory 4451 | -7/Lower Caves | Learned 8 Factory zone layouts 4451 | -7/Lower Caves | Learned 8 Research zone layouts 4451 | -7/Lower Caves | Learned Extension terminal intel 4465 | -7/Lower Caves | Discovered new exit (range 10) 4467 | -7/Lower Caves | Learned Factory stockpile data 4468 | -7/Lower Caves | Identified exit to Lower Caves 4509 | -7/Lower Caves | Entered another Lower Caves area 4526 | -7/Lower Caves | Discovered exit to Factory (range 10) 4527 | -7/Lower Caves | Learned Factory emergency access door positions 4651 | -7/Lower Caves | Discovered new exit (range 9) 4654 | -7/Lower Caves | Identified exit to Data Miner 4654 | -7/Lower Caves | Entered Data Miner 4654 | -7/Data Miner | Discovered new exit (range 6) 4660 | -7/Data Miner | Met Data Miner 4667 | -7/Data Miner | Learned location of Section 7 (-2) 4667 | -7/Data Miner | Acquired the access code to Warlord's prototype stash 4672 | -7/Data Miner | Received God Mode back door access code from Data Miner 4681 | -7/Data Miner | Identified exit to Proximity Caves 4682 | -7/Data Miner | Entered Proximity Caves 4686 | -6/Proximity Caves | Learned location of 1 exit from Factory 4705 | -6/Proximity Caves | Learned location of Extension (-6) 4786 | -6/Proximity Caves | Discovered exit to Factory (range 9) 4793 | -6/Proximity Caves | Spotted B-75 Beast 4812 | -6/Proximity Caves | Entered Factory 4812 | -6/Factory | Evolved 2 slots: Power x1, Utility x1 4813 | -6/Factory | Identified exit to Lower Caves 4813 | -6/Factory | Identified exit to Factory 4814 | -6/Factory | Identified exit to Extension 4817 | -6/Factory | Loaded intel: 28 terminal locations 4869 | -6/Factory | Incoming investigation squad redirected 5135 | -6/Factory | Build established: Hacker-Skirmisher 5236 | -6/Factory | Repaired Flak Gun 5423 | -6/Factory | Fabricated Cld. VTOL Module (x1) 5459 | -6/Factory | Discovered exit to Factory (range 6) 5834 | -6/Factory | Entered Extension 5835 | -6/Extension | Loaded intel: 17 terminal locations 5874 | -6/Extension | Energy Cycler disabled 5874 | -6/Extension | Rescued a captive Derelict 5874 | -6/Extension | Rescued a captive Derelict 5874 | -6/Extension | Rescued a captive Derelict 5875 | -6/Extension | Rescued a captive Derelict 5875 | -6/Extension | Rescued a captive Derelict 5875 | -6/Extension | Rescued a captive Derelict 5875 | -6/Extension | Rescued a captive Derelict 5876 | -6/Extension | Rescued a captive Derelict 5877 | -6/Extension | Rescued a captive Derelict 5877 | -6/Extension | Rescued a captive Derelict 5877 | -6/Extension | Rescued a captive Derelict 5881 | -6/Extension | Rescued a captive Derelict 6057 | -6/Extension | Repaired Flak Gun 6108 | -6/Extension | Spotted B-75 Beast 6141 | -6/Extension | Destroyed B-75 Beast 6148 | -6/Extension | Spotted B-75 Beast 6151 | -6/Extension | Extracted ID and sensor layout for unrecognized location from A7's data core 6195 | -6/Extension | Lost 5 allies 6356 | -6/Extension | Discovered exit to Factory (range 15) 6405 | -6/Extension | Destroyed B-75 Beast 6484 | -6/Extension | Disrupted transfer network 6751 | -6/Extension | Discovered exit to Factory (range 10) 6751 | -6/Extension | Discovered new exit (range 6) 6775 | -6/Extension | Identified exit to Cetus 6779 | -6/Extension | Entered Cetus 6779 | -6/Cetus | Accompanied by 1 ally 6783 | -6/Cetus | Spotted Cetus Guard 6784 | -6/Cetus | Spotted Cetus Guard 6785 | -6/Cetus | Spotted Cetus Guard 6789 | -6/Cetus | Lost 4 parts (1n1u2w) 6790 | -6/Cetus | Discovered exit to Factory (range 16) 6799 | -6/Cetus | Spotted Cetus Guard 6854 | -6/Cetus | Lost 5 parts (3p1n1w) 6857 | -6/Cetus | Core integrity fell below 50% 6880 | -6/Cetus | Discovered new exit (range 16) 6898 | -6/Cetus | Spotted Cetus Guard 6898 | -6/Cetus | Spotted Cetus Guard 6906 | -6/Cetus | Identified exit to Archives 6906 | -6/Cetus | Entered Archives 6955 | -6/Archives | Core integrity fell below 20% 6957 | -6/Archives | Unable to access archive contents 6958 | -6/Archives | Discovered new exit (range 15) 6967 | -6/Archives | Discovered exit to Factory (range 13) 6967 | -6/Archives | Destroyed by Y-64 Sentinel with Wave Gun Last Messages --------------- Slug penetrates Wall. Adv. Heat Sink destroyed. Penetrated by Slug. Archive Hub disabled. Slug penetrates Archive Hub. Connecting with Archive Terminal... O-32 Director suffers critical hit (Burn). Penetrated by Slug. EXIT=FOUND Penetrated by Slug. Archive Hub disabled. Slug penetrates Archive Hub. Slug penetrates O-32 Director. Adv. Weight Redist. System destroyed. Slug penetrates Archive Hub. Archive Hub disabled. Penetrated by Slug. Slug penetrates O-32 Director. Penetrated by Slug. EXIT=FOUND: FACTORY Map ----- +----------------------------------------------------+ | | | | | | | | | | | | | | | | | | | ???????????????????????????????????????????? | | ???????????????????????????????????????????? | | ??????????????????????####?????????????????? | | ??????????????????????# ?????????????????? | | ??????????????????????# < ?????????????????? | | ??????????????????????# ?????????????????? | | ??????????????????????# ?????????????????? | | ??????????????????????+ ?????????????????? | | ????????????????????? # #????????????????? | | ???????????????????? # #????????????????? | | ????????????????"""" # #????????????????? | | ????????????????"""" ?# #????????????????? | | ??????????????###"#"###o #????????????????? | | ??????????????#"""""""# #????????????????? | | ??????????????#""" ""# #????????????????? | | ??????????????# "" ""#o #????????????????? | | ?????????????## " # @##???????????????? | | ############## #####???????????? | | [% Y """"#???????????? | | ! """#""?????????? | | """""?????????? | | ####+######### V"#""?????????? | | #"""" """""?????????? | | #"""" ""# ??????? | | """""" o " ""#???????????? | | """""""""#"V #########???????? | | """""""""" ????? | | """""""""#""" oo ????? | | """""""""#"""" Y ????? | | ??############ Y############????? | | ?????????????## #"" ##???????????????? | | ??????????????# #""" """#????????????????? | | ??????????????# #"""V"""#????????????????? | | ??????????????# #"""""""#????????????????? | | ??????????????# ###"#"###????????????????? | | ??????????????# #? """"??????????????????? | | ??????????????# #????????????????????????? | | ??????????????# #????????????????????????? | | ??????????????# #????????????????????????? | | ??????????????# +????????????????????????? | | ??????????????# #????????????????????????? | +----------------------------------------------------+ Best States ------------- Heat Dissipation 75 Energy Generation 31 Energy Capacity 360 Matter Stores 300 Matter Capacity 300 Sight Range 16 Terrain Scan Density 10 Additional Mass Support 9 Base Temperature (-) 150 Armor Coverage 150 Resistance: KI 20 Resistance: TH 20 Resistance: EX 20 Resistance: EM 20 Resistance: I 20 Resistance: S 20 Resistance: P 20 Utility Shielding 66 Evasion (%) 65 Targeting Accuracy 8 Recoil Reduction 1 Offensive Hacking 22 Item Schematics ----------------- Imp. Cryofiber Web | -7/Factory | Hacked Combat Drone Bay | -7/Data Miner | Free Lgt. Regenerative Plating | -7/Data Miner | Free Cld. Cesium-ion Thruster | -7/Data Miner | Free Exp. Targeting Computer | -7/Data Miner | Free Imp. Lightning Gun | -7/Data Miner | Free Antigrav System | -7/Data Miner | Free Adv. Shield Generator | -7/Data Miner | Free Hvy. Phase Cannon | -7/Data Miner | Free Hvy. Reflective Plating | -7/Data Miner | Free Imp. Dynamic Insulation System | -7/Data Miner | Free Hyp. Coil Gun | -7/Data Miner | Free Adv. Datajack | -7/Data Miner | Free Point Defense Array | -7/Data Miner | Free Cld. VTOL Module | -6/Factory | Scanalyzed Robot Schematics ------------------ Y-54 Guardian | -7/Data Miner | Free E-15 Imp | -7/Data Miner | Free X-67 Chaingunner | -7/Data Miner | Free H-66 Slayer | -7/Data Miner | Free Fabricated ------------ Hvy. Laser | x2 | -7/Factory | Preloaded Imp. Cryofiber Web | x2 | -7/Factory Cld. VTOL Module | x1 | -6/Factory Alien Tech Used ----------------- None Achievements -------------- None Challenges ------------ None Game ------ Seed SurveybotCargoLeg Manual? 0 Play Time 01:16:09 Cumulative 70.3 hours Start 2024.10.17 @ 08:24:42 End 2024.10.17 @ 09:39:49 Sessions 1 Manual Loads 0 Difficulty Adventurer Special Mode None Game No. 89 Rogue 13 Adventurer 76 Explorer 0 Win Type - Total 0 Types 0/0/0/0/0/0/0/0/0 Lore% 53 Gallery% 56 Achievement% 44 Wizard Run 0 Options --------- Layout 1 ASCII 0 Keyboard 0 Movement Mouse Keybinds 0 Fullscreen 1 Font 24/Smallcaps Map View 50x35 Zoom Use 0% Tactical HUD 0 Map Filters NONE Filters NONE Steam 1 RUN: 902c0d14-7088-444e-aa4d-092e9c6f0ad1